Map: Alcyone LE

Players

Abbott

  • Race: Terran Terran
  • League: Diamond
  • Spawn Location: 1:00

SubN - Winner!

  • Race: Zerg Zerg
  • League: Diamond
  • Spawn Location: 7:00

VOD

Have the link to the VOD?

Description

Time

  • Played on: Dec. 21, 2023, 11:04 p.m.
  • Length: 18:21
Show
View Real Time Build Order
Export as new Build Order

Abbott Terran 

Build Orders: 2 Factory, Reaper Expand, Mech 

Get SALT Encoding   

  12  0:00  SCV  
  13  0:12  SCV  
  14  0:17  Supply Depot  
  14  0:25  SCV  
  15  0:38  SCV  
  15  0:40  Barracks  
  16  0:44  Refinery  
  16  0:50  SCV  
  17  1:03  SCV  
  18  1:15  SCV  
  19  1:27  Reaper  
  19  1:28  Orbital Command  
  20  2:01  Command Center, Marine  
  20  2:05  SCV  
  22  2:10  Supply Depot  
  22  2:13  Factory  
  22  2:16  Refinery  
  22  2:29  SCV  
  23  2:34  Barracks Reactor  
  23  2:41  SCV  
  24  2:58  SCV  
  25  3:01  Factory  
  25  3:10  SCV  
  26  3:14  Orbital Command  
  26  3:22  Hellion x2, Barracks Tech Lab, SCV  
  31  3:34  SCV  
  32  3:43  Cyclone x2  
  36  3:52  Cyclone  
  36  3:53  Hurricane Engines  
  38  3:57  SCV  
  38  3:58  SCV  
  40  4:03  Marine  
  42  4:10  SCV x2  
  42  4:15  Hellion  
  45  4:19  Supply Depot  
  45  4:24  SCV  
  46  4:41  Hellion x2, SCV x2  
  52  4:47  Command Center  
  52  4:50  Supply Depot  
  52  5:02  Marine  
  52  5:04  SCV  
  54  5:09  Refinery  
  54  5:12  Cyclone, Hellion x2  
  54  5:14  Refinery  
  60  5:19  Marine  
  61  5:24  SCV  
  62  5:59  Cyclone, Marine, SCV x2, Hellion x2  
  65  6:09  Orbital Command  
  63  6:11  SCV x2  
  63  6:16  Marine  
  63  6:18  Factory x2  
  64  6:19  Factory  
  64  6:20  Cyclone, Starport  
  64  6:23  Armory  
  64  6:24  Engineering Bay  
  66  6:27  Armory  
  66  6:29  Bunker  
  66  6:31  Siege Tank  
  69  6:37  Barracks Reactor  
  69  6:51  SCV x2  
  69  6:52  Barracks Reactor, SCV  
  72  7:03  SCV, Siege Tank  
  72  7:04  SCV  
  77  7:11  Supply Depot  
  77  7:12  Supply Depot  
  77  7:19  Starport Tech Lab  
  77  7:20  Factory Tech Lab  
  77  7:21  Factory Tech Lab  
  77  7:29  Terran Vehicle Weapons Level 1, Terran Vehicle And Ship Armor Level 1  
  77  7:30  Neosteel Armor  
  77  7:33  SCV x3  
  77  7:36  Supply Depot  
  80  7:38  Supply Depot  
  80  7:45  SCV x3  
  80  7:48  Siege Tank  
  80  7:49  Cyclone, Hellion x2  
  92  7:57  Hellion x2, SCV x2  
  94  8:09  SCV  
  94  8:10  Orbital Command  
  94  8:12  Siege Tank, Medivac  
  99  8:18  Supply Depot, SCV  
  100  8:20  Supply Depot  
  100  8:21  SCV  
  100  8:31  SCV  
  101  8:51  Cyclone x2, Siege Tank  
  101  8:52  Hellion x2, Siege Tank, Cyclone  
  117  9:01  Banshee  
  118  9:13  Hellion x2  
  122  9:23  Cyclone  
  124  9:30  Hellion  
  124  9:36  Hellion  
  124  9:38  Orbital Command  
  122  9:44  Banshee  
  125  9:49  Cloaking Field  
  125  9:53  Infernal Pre-Igniter  
  125  9:58  Missile Turret  
  125  10:01  Supply Depot  
  125  10:02  Supply Depot  
  125  10:03  Missile Turret  
  125  10:06  Missile Turret  
  125  10:11  Missile Turret  
  125  10:14  Missile Turret  
  125  10:20  Missile Turret  
  125  10:23  Hellion x3, SCV x3  
  125  10:24  Hellion x3  
  140  10:41  Refinery  
  140  10:43  Refinery  
  140  10:47  Sensor Tower, Hyperflight Rotors  
  140  10:53  Banshee  
  140  10:54  Hellion  
  140  10:55  Hellion  
  132  11:12  Terran Vehicle And Ship Armor Level 2, Terran Vehicle Weapons Level 2  
  132  11:23  Cyclone, Siege Tank  
  132  11:24  Cyclone, Hellion  
  141  11:31  Cyclone  
  139  11:33  Siege Tank x2  
  138  11:45  Hellion  
  140  11:52  SCV  
  141  12:05  Hellion, Orbital Command, SCV  
  141  12:06  Cyclone x2, Siege Tank, SCV  
  141  12:07  Hellion  
  139  12:14  Command Center  
  130  12:17  SCV  
  126  12:23  Cyclone  
  126  12:24  Hellion, Banshee  
  126  12:26  Hellion  
  126  12:28  Orbital Command, Siege Tank  
  138  12:38  Cyclone  
  140  12:46  Command Center  
  140  12:49  Supply Depot  
  140  12:52  Supply Depot  
  140  12:54  Supply Depot  
  140  12:55  Supply Depot  
  140  13:10  Banshee  
  140  13:11  Sensor Tower, Siege Tank  
  114  14:05  Cyclone x2, Siege Tank x2, Hellion x3  
  104  14:23  Banshee  
  105  14:26  Cyclone, Hellion  
  105  14:27  Hellion  
  111  14:37  Cyclone, Siege Tank x3  
  122  14:48  Hellion, Cyclone  
  126  14:58  Cyclone  
  128  15:04  Terran Vehicle And Ship Armor Level 3, Terran Vehicle Weapons Level 3  
  128  15:06  Banshee  
  131  15:09  Cyclone x2, Siege Tank, Hellion  
  131  15:10  Hellion  
  141  15:20  Cyclone  
  97  15:30  Cyclone  
  97  15:31  Cyclone, Hellion  
  92  15:41  Cyclone, Siege Tank, Hellion  
  76  15:52  Hellion x2  
  75  16:02  Cyclone  
  75  16:03  Hellion, Siege Tank  
  80  16:13  Cyclone x3, Siege Tank  
  89  16:24  Cyclone  
  91  16:28  Hi-Sec Auto Tracking  
  91  16:35  Thor  
  69  17:13  Orbital Command  
  69  17:29  Thor x3  
  87  17:30  Hellbat  
  87  17:31  Hellbat  
  91  17:38  Orbital Command  
  91  17:41  Cyclone, Hellion  
Show
View Real Time Build Order
Export as new Build Order

SubN Zerg - Winner!

Build Orders: Hatch First, Swarm Host 

Get SALT Encoding   

  12  0:00  Drone  
  13  0:12  Overlord  
  13  0:17  Drone  
  14  0:30  Drone x2  
  16  0:49  Hatchery  
  15  0:53  Drone  
  15  0:54  Drone  
  17  0:57  Drone  
  17  1:02  Extractor  
  17  1:15  Spawning Pool  
  17  1:18  Drone  
  17  1:20  Drone  
  18  1:30  Drone  
  19  1:39  Drone  
  20  1:49  Overlord  
  20  2:01  Queen  
  20  2:02  Queen  
  20  2:07  Metabolic Boost  
  24  2:20  Drone x4  
  28  2:37  Queen  
  28  2:38  Queen  
  32  2:56  Drone  
  32  2:57  Drone x3  
  36  3:06  Overlord  
  36  3:18  Overlord  
  36  3:22  Overlord  
  36  3:24  Hatchery  
  35  3:31  Queen  
  35  3:32  Lair  
  37  3:34  Drone x2  
  37  3:39  Drone x3  
  42  3:50  Drone x3  
  45  3:57  Drone  
  46  4:11  Drone x7  
  53  4:17  Queen  
  53  4:21  Extractor  
  54  4:31  Roach Warren  
  53  4:33  Overlord x3  
  53  4:36  Queen  
  55  4:44  Drone x3  
  58  4:52  Drone x3  
  61  5:04  Evolution Chamber  
  61  5:05  Zergling x2  
  61  5:06  Zergling x6  
  61  5:07  Evolution Chamber  
  63  5:09  Overseer  
  63  5:14  Queen  
  63  5:15  Queen  
  63  5:16  Drone x3  
  63  5:17  Drone  
  63  5:21  Extractor  
  70  5:22  Roach  
  70  5:23  Roach  
  70  5:26  Overlord x4  
  74  5:31  Zerg Missile Weapons Level 1  
  74  5:33  Zerg Ground Armor Level 1  
  74  5:46  Roach  
  74  5:47  Roach x6  
  82  6:13  Drone  
  82  6:16  Roach  
  82  6:17  Roach x6  
  97  6:22  Drone  
  97  6:23  Overlord x3  
  97  6:24  Overlord  
  97  6:25  Overseer  
  98  6:32  Overlord x3  
  98  6:36  Glial Reconstitution  
  98  6:45  Roach x2  
  98  6:46  Roach x3  
  108  6:58  Drone x9  
  117  7:01  Extractor  
  117  7:02  Extractor  
  115  7:08  Hatchery  
  114  7:21  Roach  
  114  7:22  Roach x4  
  124  7:23  Zergling x2  
  124  7:24  Zergling x6  
  124  7:28  Drone  
  124  7:29  Drone x2  
  131  7:30  Extractor  
  131  7:34  Ravager x4  
  131  7:37  Zergling x8  
  135  7:41  Overseer  
  136  8:08  Zerg Missile Weapons Level 2  
  136  8:17  Drone x7  
  136  8:18  Drone  
  144  8:20  Queen  
  146  8:34  Infestation Pit  
  146  8:35  Zerg Ground Armor Level 2  
  146  8:36  Hydralisk Den  
  144  8:54  Extractor  
  144  8:55  Drone x3, Extractor  
  146  8:56  Drone x4  
  146  9:00  Drone x11  
  160  9:05  Muscular Augments  
  127  9:40  Zergling x2  
  127  9:44  Swarm Host  
  127  9:45  Swarm Host x6  
  137  9:46  Swarm Host  
  152  9:59  Overlord x5  
  152  10:01  Overlord x2  
  152  10:08  Hive  
  152  10:09  Grooved Spines  
  152  10:17  Ravager x11  
  152  10:19  Overlord x3  
  152  10:21  Hydralisk x5  
  163  10:22  Hydralisk  
  163  10:25  Zerg Melee Weapons Level 1  
  175  10:29  Overlord  
  175  10:31  Overlord  
  175  10:34  Drone  
  142  10:59  Hatchery, Roach x2  
  142  11:00  Roach x19  
  153  11:09  Hydralisk  
  153  11:10  Hydralisk x9  
  173  11:18  Zergling x2  
  173  11:19  Zergling x12  
  173  11:25  Hydralisk  
  179  11:26  Hydralisk x2  
  179  11:42  Overseer x2  
  179  11:46  Roach  
  179  11:47  Roach x9  
  160  12:18  Hydralisk  
  160  12:19  Hydralisk x10  
  160  12:21  Queen  
  168  12:30  Roach x11  
  188  12:43  Zerg Missile Weapons Level 3  
  188  12:44  Zerg Ground Armor Level 3  
  188  12:47  Viper  
  191  12:52  Viper  
  191  12:57  Extractor  
  193  12:58  Extractor  
  192  13:06  Viper  
  195  13:21  Viper  
  198  13:32  Zergling x2  
  198  13:33  Hatchery  
  198  13:34  Roach  
  198  13:36  Unknown  
  141  14:21  Hydralisk  
  141  14:22  Hydralisk x14  
  147  14:25  Roach x3  
  147  14:26  Roach x9  
  171  14:48  Hatchery  
  171  14:52  Queen  
  172  14:54  Roach x10  
  172  14:56  Hatchery  
  191  15:01  Zergling x12  
  191  15:02  Zergling x2  
  129  15:43  Hydralisk  
  129  15:44  Hydralisk x10  
  129  15:46  Roach  
  129  15:47  Roach x10  
  161  15:59  Zerg Melee Weapons Level 2  
  155  16:13  Queen  
  155  16:16  Roach x13  
  183  16:25  Adrenal Glands  
  183  16:27  Hydralisk x2  
  183  16:28  Hydralisk x6  
  189  17:01  Hydralisk x6  
  159  17:02  Hydralisk x9  
  159  17:05  Roach x5  
  199  17:15  Unknown  
  198  17:26  Overseer x3  
Tags
 
Add a new tag
Caveats
  • Supply blocks, unpowered buildings, or Contaminate may cause inaccurate times.
  • Supply counts are checked every 10 seconds.